 Dungeon Crawl Stone Soup version 0.30-a0-1085-g990a428a5c (webtiles) character file.

Game seed: 17818148485030977793

61 xian the Vexing (level 3, 0/24 HPs)
             Began as a Demonspawn Enchanter on Apr 16, 2023.
             Slain by a gnoll
             ... wielding a +0 spear
              (5 damage)
             ... on level 2 of the Dungeon.
             The game lasted 00:03:52 (1192 turns).

xian the Vexing (Demonspawn Enchanter)              Turns: 1192, Time: 00:03:52

Health: 0/24       AC:  2    Str: 10    XL:     3   Next: 83%
Magic:  6/6        EV: 12    Int: 16    God:
Gold:   126        SH:  0    Dex: 13    Spells: 4/6 levels left

rFire   . . .      SeeInvis .    a - +1 dagger
rCold   . . .      Faith    .    (no shield)
rNeg    . . .      Spirit   .    b - +0 robe
rPois   .          Reflect  .    (no helmet)
rElec   .          Rampage  .    f - scarf {shadows}
rCorr   .                        (no gloves)
Will    .....                    (no boots)
Stlth   ++                       (no amulet)
HPRegen 0.24/turn                j - ring of flight
MPRegen 0.10/turn                (no ring)

@: flying
A: ignite blood 1, demonic touch 1
a: no special abilities


You were on level 2 of the Dungeon.
You visited 1 branch of the dungeon, and saw 2 of its levels.

You collected 126 gold pieces.

Inventory:

Hand Weapons
 a - a +1 dagger (weapon)
Missiles
 e - 19 stones (quivered)
Armour
 b - a +0 robe (worn)
 f - a scarf of shadows (worn)
 i - a +0 ring mail
Jewellery
 j - a ring of flight (left hand)
Scrolls
 d - a scroll of teleportation {unknown}
 m - a scroll of identify {unknown}
 n - a scroll of poison {unknown}
Potions
 c - 2 potions of invisibility
 g - 3 potions of lignification {unknown}
 h - a potion of degeneration {unknown}
 k - a potion of might {unknown}
 l - 2 potions of heal wounds {unknown}


   Skills:
 + Level 0.1 Fighting
 + Level 1.3 Short Blades
 + Level 2.5 Dodging
 + Level 3.3 Stealth
 + Level 2.1 Spellcasting
 + Level 3.3 Hexes


You had 4 spell levels left.
You knew the following spells:

 Your Spells              Type           Power      Damage    Failure   Level
a - Ensorcelled Hibernat  Hex/Ice        14%        N/A       16%         2

Your spell library contained the following spells:

 Spells                   Type           Power      Damage    Failure   Level
 Confusing Touch          Hex            12%        N/A       16%         3
 Tukima's Dance           Hex            12%        N/A       16%         3
 Blink                    Tloc           2%         N/A       30%         2
 Lesser Beckoning         Tloc           2%         N/A       30%         2
 Momentum Strike          Conj/Tloc      2%         3d8       30%         2
 Dazzling Flash           Conj/Hex       14%        N/A       30%         3
 Volatile Blastmotes      Fire/Tloc      2%         2d10      52%         3
 Iskenderun's Mystic Bla  Conj/Tloc      1%         2d3       90%         4
 Silence                  Hex/Air        3%         N/A       96%         5
 Agony                    Necr           1%         N/A       99%         5
 Starburst                Conj/Fire      0%         6d3       100%        6


Dungeon Overview and Level Annotations

Branches:
Dungeon (2/15)

Altars:

Shops:
D:2 :(


Innate Abilities, Weirdness & Mutations

Your demonic aura sometimes causes spilled blood to erupt in flames.
Your touch may inflict minor irresistible damage on your foes.


Message History

a +0 dagger; a goblin corpse
e - 21 stones (gained 5)
You see here a +0 dagger.
An adder comes into view.
A goblin comes into view. It is wielding a +0 club.
The helpless adder fails to defend itself.
You puncture the adder!
You kill the adder!
A gnoll comes into view. It is wielding a +0 spear.
The goblin shouts!
A gnoll comes into view. It is wielding a +4 spear.
The gnoll shouts!
You hear a shout!
You throw a stone. The stone closely misses the goblin.
You throw a stone. The stone misses the goblin.
You hit the goblin but do no damage. The goblin hits you with a +0 club.
You closely miss the goblin. The goblin hits you with a +0 club.
The goblin attacks as you move away! The goblin closely misses you.
You miss the goblin. Your touch misses the goblin.
The goblin barely misses you.
You hit the goblin.
You kill the goblin!
The gnoll hits you with a +4 spear. The gnoll misses you.
You see here a +0 club.
You hit the gnoll.
You touch the gnoll!
The gnoll is almost dead.
The gnoll hits you from afar with a +0 spear.
You hit the gnoll but do no damage. Your touch misses the gnoll.
The gnoll is almost dead.
The gnoll closely misses you.
The gnoll hits you from afar with a +0 spear.
You closely miss the gnoll. Your touch misses the gnoll.
The gnoll is almost dead.
The gnoll hits you from afar with a +0 spear.
* * * LOW HITPOINT WARNING * * *
You hit the gnoll but do no damage. Your touch misses the gnoll.
The gnoll is almost dead.
The gnoll hits you with a +4 spear.
* * * LOW HITPOINT WARNING * * *
The gnoll hits you from afar with a +0 spear.
You die...

###.# #.# #.# #.# #.# #.# #.# #.#
## #.# #.#######. #####.#
#......... #.....# ### ########..
###.##### ##.## ##... ....#
##.#@## #####....
##..#########.###g#######........
#.....).....## ##g....##.###....
#..#.#######.# #.####g# ##...
#.##.# #.#.# .... ##.. #.##.# #.#
...g... ### #.##)# ### .........
# #. #.# #...g..... . #. #†#
##........ .


You could see 2 gnolls.

Vanquished Creatures
  2 adders (D:2)
  A dart slug (D:1)
  6 bats
  7 endoplasms
  2 giant cockroaches (D:1)
  3 hobgoblins
  A quokka (D:1)
  2 ball pythons (D:1)
  A frilled lizard (D:1)
  3 goblins (D:2)
  4 kobolds (D:2)
  7 rats
39 creatures vanquished.

Notes
Turn   | Place    | Note
-------+----------+-------------------------------------------
     0 | D:1      | xian the Demonspawn Enchanter began the quest for the Orb.
     0 | D:1      | Reached XP level 1. HP: 13/13 MP: 3/3
   187 | D:1      | Gained mutation: Your touch may inflict minor irresistible
                  | damage on your foes. [demonic ancestry]
   187 | D:1      | Reached XP level 2. HP: 8/19 MP: 5/5
   305 | D:1      | Reached skill level 1 in Short Blades
   696 | D:2      | Gained mutation: Your demonic aura sometimes causes spilled
                  | blood to erupt in flames. [demonic ancestry]
   696 | D:2      | Reached XP level 3. HP: 23/24 MP: 6/6
   710 | D:2      | Found Tozxaem's Antique Weapon Shoppe.
   752 | D:2      | Found Qeuduin's Book Emporium.
  1041 | D:2      | Learned a level 2 spell: Ensorcelled Hibernation
  1192 | D:2      | Slain by a gnoll

Illustrated notes

Levels and vault maps discovered:
D:1:      ncdulo_smallfort, layout_rooms, chequers_serial_rivers_small_a
D:2:      layout_loops_ring, basic_altar, serial_shops, shop,
          nicolae_shop_tiny_real_fake_doors, uniq_jessica

Skill      XL: |  1  2 |
---------------+-------+-----
Dodging        | 2 |  2.5
Short Blades   | 1 |  1.3
Stealth        | 3 |  3.3
Fighting       | |  0.1
Spellcasting   | |  2.1
Hexes          | |  3.3

Action                     || total
---------------------------++-------
  Melee: Dagger            ||    97
         Touch             ||    15
  Throw: Stone             ||     2
   Stab: Sleeping          ||    12
 Armour: Robe              ||    23
  Dodge: Dodged            ||    59

Table legend: (Time is in decaauts)
 A = Elapsed time spent in this place.
 B = Non-inter-level travel time spent in this place.
 C = Inter-level travel time spent in this place.
 D = Time resting spent in this place.
 E = Time spent auto-exploring this place.
 F = Levels seen in this place.
 G = Mean time per level.
                   A        B        C        D        E       F      G
               +--------+--------+--------+--------+--------+-----+--------+
         Total |   1188 |   1177 |     11 |      0 |    791 |   2 |  594.0 |
       Dungeon |   1188 |   1177 |     11 |      0 |    791 |   2 |  594.0 |
               +--------+--------+--------+--------+--------+-----+--------+

Top non-repeatable levels by time:
     D:1: 675 daAuts
     D:2: 512 daAuts
